 Dungeon Crawl Stone Soup version 0.30-a0-739-gea05faddec (webtiles) character file.

Game seed: 6554861523920462330

16301 Rrauwl the Unseen (level 12, -2/81 HPs)
             Began as a Formicid Warper on Feb 4, 2023.
             Was a Priest of Dithmenos.
             Slain by Snorg (14 damage)
             ... on level 11 of the Dungeon.
             The game lasted 01:02:30 (14389 turns).

Rrauwl the Unseen (Formicid Warper)                Turns: 14389, Time: 01:02:30

Health: -2/81      AC: 17    Str: 17    XL:     12   Next: 68%
Magic:  16/16      EV: 13    Int: 32    God:    Dithmenos [***...]
Gold:   179        SH: 10    Dex: 12    Spells: 3/17 levels left

rFire   . . .      SeeInvis +    a - +1 halberd (spect)
rCold   + . .      Faith    .    c - +0 buckler
rNeg    . . .      Spirit   .    H - +5 steam dragon scales
rPois   +          Reflect  +    (helmet unavailable)
rElec   .          Harm     .    e - +1 cloak
rCorr   .          Rampage  .    (no gloves)
Will    +....                    N - +4 pair of boots "Qaukhouh" {rPois Int+6}
Stlth   +++++++++                A - amulet of reflection
HPRegen 0.33/turn                y - +4 ring of slaying
MPRegen 0.15/turn                q - +6 ring of intelligence

@: mighty, wreathed by umbra
A: permanent stasis, dig shafts and tunnels, antennae 3, four strong arms,
clever 1, cold resistance 1
a: Dig, Shaft Self, Renounce Religion, Shadow Step


You were on level 11 of the Dungeon.
You worshipped Dithmenos.
Dithmenos was most pleased with you.
You visited 3 branches of the dungeon, and saw 13 of its levels.
You also visited: Sewer and Ossuary.

You collected 758 gold pieces.
You spent 579 gold pieces at shops.

Inventory:

Hand Weapons
 a - a +1 spectral halberd (weapon)
 b - a +3 spear of venom
Missiles
 d - a boomerang of dispersal (quivered)
 f - 49 poisoned darts
 m - 12 boomerangs
 n - 2 atropa-tipped darts
 C - 6 throwing nets
Armour
 c - a +0 buckler (worn)
 e - a +1 cloak (worn)
 H - +5 steam dragon scales (worn)
 N - the +4 pair of boots "Qaukhouh" (worn) {rPois Int+6}
   (You bought it in a shop on level 1 of the Dungeon)

   Int:       It affects your intelligence (+6).
   rPois:     It protects you from poison.
Jewellery
 g - a ring of protection from cold
 q - a +6 ring of intelligence (right hand)
 w - an amulet of the acrobat
 y - a +4 ring of slaying (left hand)
 z - a ring of protection from cold
 A - an amulet of reflection (around neck)
 B - a ring of fire
Wands
 k - a wand of iceblast (16)
 s - a wand of charming (8)
 t - a wand of quicksilver (7)
 I - a wand of mindburst (11)
Scrolls
 i - a scroll of poison
 u - a scroll of fog
 F - a scroll of amnesia {unknown}
 L - 4 scrolls of identify
 M - 2 scrolls of enchant armour
Potions
 h - a potion of resistance
 j - 7 potions of curing
 l - 4 potions of mutation
 o - 3 potions of attraction
 p - 2 potions of might
 r - 3 potions of flight
 v - a potion of ambrosia
 x - a potion of cancellation {unknown}
 D - a potion of brilliance
 E - 2 potions of lignification
 G - a potion of magic {unknown}
 J - a potion of degeneration {unknown}


   Skills:
 - Level 3.0 Fighting
 + Level 13.8 Polearms
 - Level 1.0 Throwing
 - Level 2.0 Armour
 - Level 4.0 Dodging
 - Level 16.0 Stealth
 - Level 6.0 Shields
 - Level 3.0 Spellcasting
 - Level 7.0 Translocations
 - Level 2.0 Air Magic
 - Level 5.0 Invocations
 - Level 1.0 Evocations


You had 3 spell levels left.
You knew the following spells:

 Your Spells              Type           Power      Damage    Failure   Level
a - Momentum Strike       Conj/Tloc      54%        3d9       2%          2
b - Vhi's Electric Charg  Tloc/Air       66%        N/A       3%          3
c - Lesser Beckoning      Tloc           98%        N/A       1%          2
d - Teleport Other        Tloc           49%        N/A       1%          3
e - Manifold Assault      Tloc           49%        N/A       4%          4

Your spell library contained the following spells:

 Spells                   Type           Power      Damage    Failure   Level
 Kindle Blastsparks       Fire/Tloc/Air  48%        2d14      6%          3
 Ensorcelled Hibernation  Hex/Ice        8%         N/A       11%         2
 Dazzling Flash           Conj/Hex       8%         N/A       22%         3
 Ignite Poison            Fire/Tmut/Pois 4%         N/A       22%         3
 Inner Flame              Hex/Fire       4%         N/A       22%         3
 Spider Form              Tmut/Pois      4%         N/A       22%         3
 Iskenderun's Mystic Bla  Conj/Tloc      27%        2d7       17%         4
 Anguish                  Hex/Necr       2%         N/A       58%         4
 Animate Armour           Summ/Erth      8%         N/A       58%         4
 Cause Fear               Hex            2%         N/A       58%         4
 Freezing Cloud           Conj/Ice/Air   4%         6-21      85%         5
 Blade Hands              Tmut           2%         N/A       90%         5
 Iron Shot                Conj/Erth      2%         9d2       100%        6
 Starburst                Conj/Fire      2%         6d3       100%        6
 Discord                  Hex            2%         N/A       100%        8
 Blink                    Tloc           Unusable   N/A       N/A         2

Dungeon Overview and Level Annotations

Branches:
Dungeon (11/15)            Temple (1/1) D:6            Lair (1/5) D:10
    Orc (0/2) D:11          Sewer (visited)         Ossuary (visited)

Altars:
Ashenzari
Cheibriados
Dithmenos
Elyvilon
Fedhas
Gozag
Hepliaklqana
Kikubaaqudgha
Makhleb
Nemelex Xobeh
Okawaru
Qazlal
Ru
Sif Muna
Trog
Uskayaw
Vehumet
Wu Jian
Xom
Yredelemnul
Zin
The Shining One

Shops:
D:1 ([(   D:2 (   D:3 [   D:4 [   D:11 =

Annotations:
D:5 1 runed translucent door
D:11 Snorg


Innate Abilities, Weirdness & Mutations

You cannot be hasted, slowed, berserked, paralysed or teleported.
You can dig through walls and to a lower floor.
You have a pair of large antennae on your head. (SInv)
Your four strong arms can wield two-handed weapons with a shield.
Your mind is acute. (Int +4, Str/Dex -1)
Your flesh is cold resistant. (rC+)


Message History

Your +1 spectral halberd hits Snorg!!
Snorg bites you. Snorg barely misses you. Snorg claws you!
You are too injured to fight recklessly!
You feel much better. Snorg bites you! Snorg misses you.
You block Snorg's attack. x2; Snorg claws you but does no damage.
Snorg misses you.
You slash Snorg!
Snorg is heavily wounded.
Your +1 spectral halberd hits Snorg from afar!
Snorg bites you!! Snorg claws you but does no damage. You block Snorg's attack.
You closely miss Snorg.
Snorg is heavily wounded.
Your +1 spectral halberd hits Snorg from afar!
Snorg bites you! Snorg closely misses you. Snorg claws you!
* * * LOW HITPOINT WARNING * * *
Casting: Vhi's Electric Charge (mildly dangerous; 3% risk of failure)
Confirm with . or Enter, or press ? or * to list all spells.
Okay, then.
Okay, then.
Okay, then.
Casting: Vhi's Electric Charge (mildly dangerous; 3% risk of failure)
Confirm with . or Enter, or press ? or * to list all spells.
Okay, then.
You barely miss Snorg.
Snorg is severely wounded.
Your +1 spectral halberd hits Snorg from afar!!
Snorg completely misses you. Snorg misses you. You block Snorg's attack.
Snorg barely misses you. Snorg claws you.
* * * LOW HITPOINT WARNING * * *
You block Snorg's attack.
You barely miss Snorg.
Snorg is almost dead.
Your +1 spectral halberd hits Snorg from afar!
Snorg closely misses you. You block Snorg's attack. Snorg claws you.
* * * LOW HITPOINT WARNING * * *
You barely miss Snorg.
Snorg is almost dead.
Your +1 spectral halberd hits Snorg from afar!
You block Snorg's attack. Snorg claws you!
You die...

....####### .##.# ....#
....# ######### ....#
#........ ###.# #........
#.# # #...... ###....
#T..# ......#
######@..##### ####..#
#.....(....... ...# ..
#............. ...#
#.............
...########.............
.........##...##..########
.........##...##..####...#
.........................#
...##....##..............#
{


You could see Snorg (berserk) and a friendly +1 spectral halberd (summoned).

Vanquished Creatures
  Harold (D:9)
  2 two-headed ogres
  Urug (D:10)
  A manticore (D:11)
  A cyclops (D:11)
  3 cane toads (Lair:1)
  A gargoyle (D:10)
  A kobold demonologist (D:10)
  Psyche (D:10)
  3 komodo dragons (Lair:1)
  2 trolls
  A hornet (D:11)
  4 blink frogs (Lair:1)
  Sigmund (D:2)
  6 wyverns
  A wraith (D:11)
  8 yaks
  2 vampire mosquitoes (D:10)
  3 basilisks (Lair:1)
  2 steam dragons
  Menkaure (D:7)
  2 water moccasins (Lair:1)
  Pargi (Sewer)
  5 orc warriors
  3 ice beasts
  2 ogres (D:4)
  3 centaurs
  6 wolves (Lair:1)
  4 kobold brigands
  A phantom (D:5)
  5 bullfrogs
  A gnoll sergeant (D:10)
  5 scorpions
  7 water moccasin zombies (Ossuary)
  7 wights
  5 killer bees
  4 howler monkeys (D:9)
  A jelly (D:6)
  5 hounds
  3 orc priests
  Crazy Yiuf (D:4)
  2 gnoll boudas
  6 iguanas
  7 orc wizards
  3 mummies
  19 gnolls
  8 adders
  2 shadow imps
  An ufetubus (D:5)
  5 adder zombies (Ossuary)
  4 worms
  3 dart slugs
  27 orcs
  5 endoplasms
  9 giant cockroaches
  3 gnoll zombies (Ossuary)
  4 goblins
  8 hobgoblins
  5 jackals
  22 kobolds
  7 quokkas
  9 ball pythons
  7 bats
  17 frilled lizards
  A goblin zombie (D:4)
  4 hobgoblin zombies (Ossuary)
  4 kobold zombies (Ossuary)
  2 orc zombies
  7 rats
  2 butterflies (D:5)
320 creatures vanquished.

Vanquished Creatures (collateral kills)
  6 yaks (D:8)
6 creatures vanquished.

Vanquished Creatures (others)
  2 fungi (Lair:1)
  22 plants
24 creatures vanquished.

Grand Total: 350 creatures vanquished

Notes
Turn   | Place    | Note
-------+----------+-------------------------------------------
     0 | D:1      | Rrauwl the Formicid Warper began the quest for the Orb.
     0 | D:1      | Reached XP level 1. HP: 16/16 MP: 3/3
   112 | D:1      | Reached XP level 2. HP: 16/22 MP: 5/5
   296 | D:1      | Reached skill level 1 in Stealth
   406 | D:1      | Found Roczaaze's Weapon Boutique.
   491 | D:1      | Reached XP level 3. HP: 23/28 MP: 6/6
   660 | D:1      | Found Efom's Weapon Emporium.
   871 | D:1      | Found Coquty's Armour Boutique.
   893 | D:1      | Gained mutation: Your mind is acute. (Int +4, Str/Dex -1)
                  | [potion of mutation]
   893 | D:1      | Gained mutation: Your flesh is cold resistant. (rC+)
                  | [potion of mutation]
  1095 | D:1      | Learned a level 3 spell: Vhi's Electric Charge
  1399 | D:2      | Reached XP level 4. HP: 34/34 MP: 7/7
  1614 | D:2      | Identified the +4 dagger "Qaebre Uschyk" {heavy, Dex+3}
  1616 | D:2      | Found a shimmering blue altar of Sif Muna.
  1766 | D:2      | Noticed Sigmund
  2039 | D:2      | Found Upaniph's Antique Weapon Emporium.
  2369 | D:3      | Reached skill level 2 in Stealth
  2378 | D:3      | Reached XP level 5. HP: 29/40 MP: 9/9
  2569 | D:3      | Found Iziwkyass's Antique Armour Boutique.
  2898 | D:3      | Reached skill level 3 in Stealth
  3394 | D:2      | Killed Sigmund
  3395 | D:2      | Reached skill level 5 in Polearms
  3395 | D:2      | Reached XP level 6. HP: 30/47 MP: 10/10
  3600 | D:4      | Reached skill level 1 in Shields
  3618 | D:4      | Reached XP level 7. HP: 43/52 MP: 11/11
  3860 | D:4      | Found a sand-covered staircase.
  3902 | Ossuary  | Entered an ossuary
  4207 | Ossuary  | Reached XP level 8. HP: 27/58 MP: 12/12
  4795 | Ossuary  | Identified a scroll of acquirement
  4795 | Ossuary  | Acquired a manual of Stealth
  4953 | D:4      | Found Yckuj's Armour Emporium.
  5099 | D:4      | Reached skill level 5 in Shields
  5199 | D:4      | Reached skill level 4 in Stealth
  5227 | D:4      | Learned a level 2 spell: Momentum Strike
  5454 | D:4      | Found a runed translucent door.
  5455 | D:4      | Noticed Crazy Yiuf
  5876 | D:4      | Killed Crazy Yiuf
  6049 | D:5      | Entered Level 5 of the Dungeon
  6057 | D:5      | Found a glowing drain.
  6086 | Sewer    | Entered a sewer
  6102 | Sewer    | Noticed Pargi
  6129 | Sewer    | Killed Pargi
  6130 | Sewer    | Reached skill level 5 in Stealth
  6391 | D:5      | Reached XP level 9. HP: 60/63 MP: 13/13
  6419 | D:5      | Reached skill level 1 in Evocations
  6441 | D:5      | Reached skill level 6 in Stealth
  6788 | D:5      | Found a runed translucent door.
  6790 | D:5      | Found a runed translucent door.
  6947 | D:6      | Reached skill level 7 in Stealth
  7018 | D:6      | Identified the +1 ring mail "Rokiyc" {rPois rF- rN+++
                  | Dex-4}
  7200 | D:6      | Identified the +1 pair of boots of the Feeding Gods {Dex+4}
  7271 | D:6      | Found an ornate altar of the Wu Jian Council.
  7272 | D:6      | Found an opulent altar of Gozag.
  7273 | D:6      | Found a shadowy altar of Dithmenos.
  7281 | D:6      | Reached skill level 8 in Stealth
  7308 | D:6      | Found a basalt altar of Yredelemnul.
  7321 | D:6      | Found a hide-covered altar of Uskayaw.
  7347 | D:6      | Became a worshipper of Dithmenos the Shadowed
  7780 | D:6      | Found a staircase to the Ecumenical Temple.
  7792 | Temple   | Entered the Ecumenical Temple
  7961 | D:7      | Noticed Menkaure
  7965 | D:7      | Killed Menkaure
  7966 | D:7      | Reached skill level 9 in Stealth
  8249 | D:7      | Reached skill level 10 in Stealth
  8446 | D:7      | Reached skill level 11 in Stealth
  8800 | D:7      | Found a sparkling altar of Nemelex Xobeh.
  8800 | D:7      | Found a shimmering blue altar of Sif Muna.
  9129 | D:7      | Reached XP level 10. HP: 60/70 MP: 14/14
  9311 | D:8      | Reached skill level 12 in Stealth
  9384 | D:8      | Noticed a two-headed ogre
  9510 | D:8      | Reached * piety under Dithmenos
  9668 | D:8      | Reached skill level 13 in Stealth
  9672 | D:8      | Killed a two-headed ogre
  9673 | D:8      | Reached skill level 10 in Polearms
  9673 | D:8      | Reached skill level 14 in Stealth
  9799 | D:8      | Identified the +0 pair of boots of the Robin {*Slow rN+
                  | Int+2 Dex+4}
  9834 | D:8      | Reached skill level 15 in Stealth
 10094 | D:8      | Reached XP level 11. HP: 64/75 MP: 15/15
 10429 | D:5      | Reached skill level 1 in Invocations
 10605 | D:9      | Reached skill level 16 in Stealth
 10658 | D:9      | Noticed Harold
 10692 | D:9      | Killed Harold
 10961 | D:9      | Reached ** piety under Dithmenos
 11738 | D:10     | Entered Level 10 of the Dungeon
 11998 | D:10     | Noticed Psyche
 12007 | D:10     | Reached skill level 5 in Invocations
 12038 | D:10     | Killed Psyche
 12051 | D:10     | Noticed Urug
 12063 | D:10     | Killed Urug
 12064 | D:10     | Reached skill level 5 in Translocations
 12148 | D:10     | Found a staircase to the Lair.
 12501 | D:11     | Noticed a two-headed ogre
 12503 | D:11     | Noticed a skeletal warrior
 12536 | Lair:1   | Entered Level 1 of the Lair of Beasts
 12578 | Lair:1   | Reached XP level 12. HP: 72/81 MP: 16/16
 12744 | Lair:1   | Reached skill level 1 in Air Magic
 12750 | Lair:1   | Reached *** piety under Dithmenos
 13741 | D:1      | Bought the +4 pair of boots "Qaukhouh" {rPois Int+6} for
                  | 579 gold pieces
 13756 | D:1      | Learned a level 2 spell: Lesser Beckoning
 13760 | D:1      | Learned a level 3 spell: Teleport Other
 13765 | D:1      | Learned a level 4 spell: Manifold Assault
 13977 | D:11     | Found Doonu's Jewellery Shop.
 13984 | D:11     | Found a staircase to the Orcish Mines.
 14302 | D:11     | Noticed Snorg
 14322 | D:11     | Killed a two-headed ogre
 14389 | D:11     | Slain by Snorg

Illustrated notes

Levels and vault maps discovered:
D:1:      eino_arrival_water_cross, layout_basic, serial_shops,
          nicolae_shop_crystal, nicolae_shop_bloodbath_and_beyond,
          shop_fountains, st_stairs_7, wander_ebering_terrifying_dragon_lair
D:2:      layout_basic, serial_shops, shop, basic_altar, nicolae_titane,
          uniq_sigmund
D:3:      layout_loops_ring, serial_shops, shop
D:4:      layout_basic, serial_shops, nicolae_lakefront_shop,
          nicolae_ossuary_entry_giza, uniq_crazy_yiuf_cottage
D:5:      lemuel_insect_pit, layout_cave_pools, portal_sewer_entry_f
D:6:      layout_loops_ring, grunt_temple_overflow_open,
          minmay_temple_entry_poolview, minmay_lizard_king
D:7:      layout_loops_ring, gammafunk_temple_overflow_wave, dk_vineyard_2,
          uniq_menkaure
D:8:      layout_basic
D:9:      layout_stronghold, kennysheep_generic_room_16, uniq_harold
D:10:     layout_loops_ring, dpeg_oklobed_lair, uniq_psyche, uniq_urug
D:11:     layout_stronghold, david_orc_2, serial_shops, shop, uniq_snorg
Temple:   nicolae_temple_superstar
Lair:1:   layout_loops_ring, grunt_megastairs_3, serial_bayou_shore_b,
          infiniplex_staircase_pool_2, lemuel_fruit_fields

Skill      XL: |  1  2  3  4  5  6  7  8  9 10 11 12 |
---------------+-------------------------------------+-----
Stealth        | 1 2 3 5 11 15 16 | 16.0
Dodging        | 2 3 4 |  4.0
Translocations | 3 6 7 |  7.0
Armour         | 2 |  2.0
Fighting       | 3 |  3.0
Spellcasting   | 3 |  3.0
Polearms       | 5 6 9 10 12 13 | 13.8
Shields        | 1 3 5 6 |  6.0
Evocations     | 1 |  1.0
Invocations    | 5 |  5.0
Air Magic      | 2 |  2.0
Throwing       | |  1.0

Action                     |  1- 3 |  4- 6 |  7- 9 | 10-12 || total
---------------------------+-------+-------+-------+-------++-------
  Melee: Spear             |   136 |       |   213 |   142 ||   491
         Trident           |     6 |   181 |   404 |       ||   591
         Punch             |     1 |       |       |       ||     1
         Halberd           |       |       |       |   232 ||   232
  Throw: Dart              |       |     9 |    10 |     5 ||    24
         Boomerang         |       |     4 |     8 |     1 ||    13
   Cast: Momentum Strike   |       |       |     3 |       ||     3
         Vhi's Electric Ch |       |       |     1 |     1 ||     2
Ability: Dig               |       |       |       |     1 ||     1
  Evoke: Wand              |       |       |     2 |     4 ||     6
    Use: Scroll            |     4 |     2 |    10 |     8 ||    24
         Potion            |     3 |     6 |     3 |     4 ||    16
   Stab: Sleeping          |     5 |     2 |    23 |    28 ||    58
         Invisible         |       |       |     6 |     1 ||     7
         Distracted        |       |       |       |     6 ||     6
 Armour: Leather armour    |    22 |    28 |    72 |       ||   122
         Skin              |       |    14 |       |       ||    14
         Steam dragon scal |       |       |       |    36 ||    36
  Dodge: Dodged            |    76 |    61 |   223 |    85 ||   445
  Block: Buckler           |     3 |    13 |   113 |    78 ||   207
         Reflection        |       |       |     2 |     7 ||     9

Table legend: (Time is in decaauts)
 A = Elapsed time spent in this place.
 B = Non-inter-level travel time spent in this place.
 C = Inter-level travel time spent in this place.
 D = Time resting spent in this place.
 E = Time spent auto-exploring this place.
 F = Levels seen in this place.
 G = Mean time per level.
                   A        B        C        D        E       F      G
               +--------+--------+--------+--------+--------+-----+--------+
         Total |  14370 |  13399 |    971 |    604 |   9221 |  15 |  958.0 |
       Dungeon |  12053 |  11167 |    886 |    509 |   7786 |  11 | 1095.7 |
        Temple |    139 |    113 |     26 |      0 |    100 |   1 |  139.0 |
          Lair |    985 |    927 |     58 |      0 |    748 |   1 |  985.0 |
         Sewer |    288 |    288 |      0 |      0 |     95 |   1 |  288.0 |
       Ossuary |    903 |    903 |      0 |     95 |    491 |   1 |  903.0 |
               +--------+--------+--------+--------+--------+-----+--------+

Top non-repeatable levels by time:
     D:4: 1681 daAuts
     D:7: 1355 daAuts
     D:3: 1302 daAuts
     D:2: 1233 daAuts
     D:1: 1207 daAuts
     D:9: 1176 daAuts
     D:8: 1039 daAuts
     D:6: 1010 daAuts
  Lair:1: 985 daAuts
 Ossuary: 903 daAuts
     D:5: 780 daAuts
    D:10: 767 daAuts
    D:11: 497 daAuts
   Sewer: 288 daAuts
  Temple: 139 daAuts
